cohdb
Replays
Latest Replays
All Replays
Popular Replays
Top Player Replays
Match Explorer
How It Works
Community
CoH3 Stats
Reddit
Sign in to upload your games and track your stats! →
Sign in with Steam
Match 36651881
Unlisted
Match 36651881
Overview
Messages
Build Orders
End
Construct Section Command Post
Infantry Section
Infantry Section
Infantry Section
Construct Platoon Command Post
Humber Armored Car
Selects Heavy Armor Battlegroup
Selects Light Vehicle Withdraw and Refit
Selects Forward Repair Assembly
Humber Armored Car
Infantry Section
Infantry Section
6-pounder Anti-tank Gun Team
Grenade Package
Selects Engineer Detachments
Selects Crusader AA Medium Tank
Infantry Training
6-pounder Anti-tank Gun Team
Always Eager To Surf
Bruistablet
Legion
A small young girl
0
0
Comments
sign in to comment!
No comments posted yet!